 Dungeon Crawl Stone Soup version 0.29.1-2-gbd0b4ee654 (webtiles) character file.

Game seed: 13797307345154005718

641 Ivernyr the Changer (level 7, -4/43 (46) HPs)
             Began as an Octopode Transmuter on Nov 1, 2022.
             Was an Initiate of Cheibriados.
             Slain by a wight
             ... wielding a +3 spear of freezing
              (9 damage)
             ... on level 4 of the Dungeon.
             The game lasted 00:06:31 (4608 turns).

Ivernyr the Changer (Octopode Transmuter)           Turns: 4608, Time: 00:06:31

HP:   -4/43 (46)    AC:  2    Str: 10    XL:     7   Next: 51%
MP:   10/12         EV: 19    Int: 19    God:    Cheibriados [......]
Gold: 136           SH:  0    Dex: 18    Spells: 7/13 levels left

rFire   . . .      SeeInvis .     - Unarmed
rCold   . . .      Faith    .   (shield currently unavailable)
rNeg    . . .      Spirit   .   (helmet currently unavailable)
rPois   .          Reflect  .   (no amulet)
rElec   .          Harm     .   g - ring of poison resistance
rCorr   .          Rampage  .   (no ring)
Will    .....                   (no ring)
Stlth   ++........              (no ring)
HPRegen 0.14/turn               (no ring)
MPRegen 0.13/turn               (no ring)
                                (no ring)
                                (no ring)

@: spider-form (expiring), drained, very slow
A: venomous fangs, almost no armour, (amphibious), 8 rings, tiny, (camouflage
1), (gelatinous body 1), (nimble swimmer 1), (tentacles)
a: End Transformation, Renounce Religion


You were on level 4 of the Dungeon.
You worshipped Cheibriados.
Cheibriados was noncommittal.
You were a venomous arachnid creature.
You visited 2 branches of the dungeon, and saw 5 of its levels.

You collected 136 gold pieces.

Inventory:

Jewellery
 g - a ring of poison resistance (left front leg)
Wands
 o - a wand of roots (9)
Scrolls
 b - 2 scrolls of fear {unknown}
 c - 3 scrolls of identify {unknown}
 d - a scroll of enchant armour {unknown}
 f - a scroll of enchant weapon {unknown}
 h - 2 scrolls of poison {unknown}
 m - a scroll of blinking {unknown}
 n - 2 scrolls of teleportation {unknown}
Potions
 a - a potion of lignification
 e - 2 potions of attraction {unknown}
 i - a potion of heal wounds {unknown}
 j - a potion of brilliance {unknown}
 k - 2 potions of mutation {unknown}
 l - 2 potions of berserk rage {unknown}
 p - 2 potions of flight {unknown}
 q - a potion of curing


   Skills:
 + Level 3.5 Fighting
 - Level 2.0 Dodging
 + Level 4.6 Unarmed Combat
 + Level 3.7 Spellcasting
 * Level 5.3 Transmutations


You had 7 spell levels left.
You knew the following spells:

 Your Spells              Type           Power      Damage    Failure   Level
a - Beastly Appendage     Tmut           46%        N/A       7%          1
b - Wereblood             Tmut           23%        N/A       10%         2
c - Spider Form           Tmut/Pois      13%        N/A       32%         3

Your spell library contained the following spells:

 Spells                   Type           Power      Damage    Failure   Level
 Passwall                 Tmut/Erth      10%        N/A       19%         2
 Ensorcelled Hibernation  Hex/Ice        6%         N/A       43%         2
 Stone Arrow              Conj/Erth      6%         3d7       61%         3
 Swiftness                Air            3%         N/A       61%         3
 Ice Form                 Ice/Tmut       13%        N/A       65%         4
 Lehudib's Crystal Spear  Conj/Erth      1%         10d2      100%        8
 Animate Armour           Summ/Erth      Unusable   N/A       N/A         4

Dungeon Overview and Level Annotations

Branches:
Dungeon (4/15)             Temple (1/1) D:4

Altars:
Ashenzari
Cheibriados
Elyvilon
Fedhas
Hepliaklqana
Kikubaaqudgha
Makhleb
Nemelex Xobeh
Qazlal
Ru
Sif Muna
Uskayaw
Wu Jian
Zin

Shops:
D:3 [


Innate Abilities, Weirdness & Mutations

You are a venomous arachnid creature.
You have poisonous fangs.
You are tiny and dextrous.
Your spellcasting is less reliable in this form.
Your armour is entirely melded.
You are incapable of wielding weapons or throwing items.
You cannot wear most types of armour.
((You are amphibious.))
You can wear up to eight rings at the same time.
((Your skin changes colour to match your surroundings (Stealth+).))
((Your rubbery body absorbs attacks. (AC +1, EV +1)))
((You are camouflaged when in or above water. (Stealth+)))
((You have tentacles for arms and can constrict up to eight enemies at once.))


Message History

(D) Dungeon (T) Temple
Where to? (Enter - D:4, ? - help)
What level of the Dungeon? (default 1, ? - help)
Things that are here:
a +0 robe; a +0 dire flail
There is a stone staircase leading down, spattered with blood here.
You climb downwards.
There is a stone staircase leading up here.
Casting: Spider Form (dangerous; 14% risk of failure)
Confirm with . or Enter, or press ? or * to list all spells.
You miscast Spider Form.
You are very lightly contaminated with residual magic.
Nothing appears to happen.
You start resting.
Your magical contamination has completely faded away.
You start resting.
Magic restored.
You now have 136 gold pieces (gained 5).
Casting: Spider Form (dangerous; 14% risk of failure)
Confirm with . or Enter, or press ? or * to list all spells.
You turn into a venomous arachnid creature.
The wight misses you.
You barely miss the wight.
Your transformation is almost over.
The wight completely misses you.
You completely miss the wight. The wight closely misses you.
You completely miss the wight. The wight completely misses you.
You completely miss the wight.
The wight hits you with a +3 spear of freezing!
You feel drained. The wight freezes you.
You hit the wight but do no damage.
The wight hits you with a +3 spear of freezing!
You feel drained. The wight freezes you.
You hit the wight but do no damage.
The wight hits you with a +3 spear of freezing!
* * * LOW HITPOINT WARNING * * *
The wight freezes you.
* * * LOW HITPOINT WARNING * * *
The wight hits you from afar with a +3 spear of freezing!
You die...

.....Jz##...........##
###..................#
.................#..##
#................#...#
#....................####
##..##...............8>8#
#... ##................##
#.## ##..#....z......### ..
##..##..#...s....##### .
##...#...#..........#.#
...#.......^.............###
...........#...............#
.#.#......................##
###........#########.....#
#........##(((##..###..##
#........#.#.#(##...#..#
#......(.#..#..(#._.'.##


You could see a wight and 4 dancing weapons.

Vanquished Creatures
  Grinder (D:3)
  Sigmund (D:3)
  A phantom (D:4)
  A wight (D:3)
  A hound (D:4)
  Jessica (D:3)
  Terence (D:2)
  2 adders (D:2)
  6 orcs
  3 ball pythons
  4 endoplasms
  2 giant cockroaches
  6 goblins
  2 hobgoblins
  2 quokkas (D:1)
  6 bats
  4 frilled lizards
  6 kobolds
  12 rats
62 creatures vanquished.

Notes
Turn   | Place    | Note
-------+----------+-------------------------------------------
     0 | D:1      | Ivernyr the Octopode Transmuter began the quest for the
                  | Orb.
     0 | D:1      | Reached XP level 1. HP: 13/13 MP: 3/3
    10 | D:1      | Found a faded altar of an unknown god.
   176 | D:1      | Reached XP level 2. HP: 18/18 MP: 5/5
   179 | D:1      | Learned a level 2 spell: Wereblood
  1028 | D:2      | Reached XP level 3. HP: 19/23 MP: 4/6
  1088 | D:2      | Learned a level 3 spell: Spider Form
  1265 | D:2      | Noticed Terence
  1281 | D:2      | Killed Terence
  1282 | D:2      | Reached skill level 3 in Transmutations
  1282 | D:2      | Reached XP level 4. HP: 13/29 MP: 4/7
  2516 | D:3      | Found Neiheb's Armour Shoppe.
  2547 | D:3      | Noticed Sigmund
  2558 | D:3      | Killed Sigmund
  2559 | D:3      | Reached skill level 4 in Transmutations
  2559 | D:3      | Reached XP level 5. HP: 17/35 MP: 2/9
  2559 | D:3      | Reached XP level 6. HP: 20/41 MP: 2/10
  2724 | D:3      | Found a hazy altar of Hepliaklqana.
  2909 | D:3      | Found a sparkling altar of Nemelex Xobeh.
  3010 | D:3      | Noticed Grinder
  3018 | D:3      | Paralysed by Grinder for 4 turns
  3026 | D:3      | Paralysed by Grinder for 3 turns
  3029 | D:3      | Killed Grinder
  3030 | D:3      | Reached XP level 7. HP: 18/46 MP: 7/12
  3348 | D:3      | Noticed Jessica
  3355 | D:3      | Killed Jessica
  3580 | D:3      | Found a glowing silver altar of Zin.
  3706 | D:3      | Reached skill level 5 in Transmutations
  4195 | D:4      | Found a staircase to the Ecumenical Temple.
  4198 | D:4      | Noticed a +0 dagger
  4198 | D:4      | Noticed a +0 falchion
  4198 | D:4      | Noticed a +0 falchion
  4199 | D:4      | Noticed a +0 dagger
  4199 | D:4      | Noticed a +0 spear
  4200 | D:4      | Noticed a +0 short sword
  4200 | D:4      | Noticed a +0 spear
  4211 | D:4      | Found a hide-covered altar of Uskayaw.
  4218 | D:4      | Noticed a +0 short sword
  4224 | Temple   | Entered the Ecumenical Temple
  4272 | Temple   | Became a worshipper of Cheibriados the Contemplative
  4608 | D:4      | Slain by a wight

Illustrated notes

Levels and vault maps discovered:
D:1:      dpeg_arrival_ratfight, layout_loops_ring,
          hellmonk_ecumenical_altar_pennies_from_heaven,
          nicolae_concentric_dashed_squares_mild, chequers_mini_garden,
          dreamdust_princess_bridge
D:2:      layout_basic, grunt_decor_fettered, grunt_decor_resistance,
          uniq_terence
D:3:      layout_loops_ring, lemuel_doored_altar, zin_treasury,
          nemelex_dance_club_becter, serial_shops, nicolae_shop_stone,
          dk_noncrumbling_2, uniq_grinder, uniq_jessica, uniq_sigmund
D:4:      layout_cave_pools, nicolae_uskayaw_en_pointe, temple_statues
Temple:   hellmonk_temple_beads

Skill      XL: |  1  2  3  4  5  6  7 |
---------------+----------------------+-----
Transmutations | 3 4 5 |  5.3
Fighting       | 2 3 |  3.5
Spellcasting   | 3 |  3.7
Unarmed Combat | 4 |  4.6
Dodging        | |  2.0

Action                   |  1- 3 |  4- 6 |  7- 9 || total
-------------------------+-------+-------+-------++-------
Melee: Unarmed           |    68 |    53 |    51 ||   172
       Constrict         |    21 |    12 |     6 ||    39
       Tentacles         |    16 |     9 |     5 ||    30
       Kick              |     5 |     3 |    10 ||    18
       Punch             |     1 |       |     1 ||     2
 Cast: Beastly Appendage |     2 |     2 |     3 ||     7
       Wereblood         |     1 |     2 |     1 ||     4
       Spider Form       |       |     2 |     4 ||     6
 Stab: Sleeping          |     4 |     3 |       ||     7
Armor: Skin              |     9 |     8 |       ||    17
Dodge: Dodged            |    50 |    32 |    45 ||   127
